 Dungeon Crawl Stone Soup version 0.30-b1-2-g02819fbbbe (webtiles) character file.

Game seed: 11542301177342364577

2473 dorian the Geomancer (level 9, 0/57 HPs)
             Began as a Formicid Earth Elementalist on May 11, 2023.
             Slain by a yak (13 damage)
             ... on level 9 of the Dungeon.
             The game lasted 00:14:31 (4963 turns).

dorian the Geomancer (Formicid Earth Elementalist)  Turns: 4963, Time: 00:14:33

Health: 0/57       AC:  9    Str: 13    XL:     9   Next: 80%
Magic:  17/18      EV: 12    Int: 25    God:
Gold:   257        SH:  0    Dex: 14    Spells: 18/21 levels left

rFire   . . .        c - +3 short sword (venom)
rCold   . . .        (no shield)
rNeg    . . .        a - +0 robe
rPois   +            (helmet unavailable)
rElec   .            f - +2 cloak
rCorr   .            u - +0 pair of gloves
SInv    +            p - +2 pair of boots
Will    .....        e - amulet of magic regeneration
Stlth   ++           i - +6 ring of intelligence
HPRegen 0.29/turn    d - ring of poison resistance
MPRegen 0.56/turn

%: no passive effects
@: brilliant
A: permanent stasis, dig shafts and tunnels, antennae 3, four strong arms
a: Dig, Shaft Self


You were on level 9 of the Dungeon.
You visited 1 branch of the dungeon, and saw 7 of its levels.

You collected 322 gold pieces.
You spent 65 gold pieces at shops.

Inventory:

Hand Weapons
 c - a +3 short sword of venom (weapon)
 A - a +2 dagger of venom
Missiles
 r - 3 javelins
Armour
 a - a +0 robe (worn)
 f - a +2 cloak (worn)
 p - a +2 pair of boots (worn)
 u - a +0 pair of gloves (worn)
 y - a +1 pair of boots
Jewellery
 d - a ring of poison resistance (right hand)
 e - an amulet of magic regeneration (around neck)
 i - a +6 ring of intelligence (left hand)
Wands
 q - a wand of flame (12)
 v - a wand of charming (12)
Scrolls
 h - 2 scrolls of magic mapping
 n - a scroll of enchant armour
 o - 2 scrolls of immolation
 x - a scroll of fear
Potions
 b - a potion of magic
 g - 2 potions of curing
 k - 3 potions of lignification
 l - 3 potions of brilliance
 m - 2 potions of attraction {unknown}
 s - a potion of resistance {unknown}
 t - 2 potions of might {unknown}
 w - 2 potions of mutation {unknown}


   Skills:
 - Level 1.7 Dodging
 - Level 2.4 Stealth
 + Level 6.6 Spellcasting
 + Level 6.8 Transmutations
 * Level 11.2 Earth Magic


You had 18 spell levels left.
You knew the following spells:

 Your Spells              Type           Power      Damage    Failure   Level
a - Sandblast             Erth           100%       2d20      1%          1
b - Passwall              Tmut/Erth      57%        N/A       1%          2

Your spell library contained the following spells:

 Spells                   Type           Power      Damage    Failure   Level
 Stone Arrow              Conj/Erth      100%       3d13      1%          3
 Petrify                  Tmut/Erth      69%        N/A       1%          4
 Freeze                   Ice            48%        1d6       7%          1
 Cigotuvi's Dreadful Rot  Necr/Pois/Air  24%        N/A       11%         2
 Static Discharge         Conj/Air       24%        2-3/arc   11%         2
 Borgnjor's Vile Clutch   Necr/Erth      26%        N/A       19%         5
 Frozen Ramparts          Ice            24%        1d4       22%         3
 Hailstorm                Conj/Ice       12%        3d5       22%         3
 Inner Flame              Hex/Fire       12%        N/A       22%         3
 Alistair's Intoxication  Tmut/Pois      25%        N/A       43%         5
 Airstrike                Air            6%         2d(1-17)  56%         4
 Dispel Undead            Necr           12%        3d9       56%         4
 Flame Wave               Conj/Fire      12%        2d6       56%         4
 Sticky Flame             Conj/Fire      12%        2d4       56%         4
 Summon Lightning Spire   Summ/Air       12%        N/A       56%         4
 Eringya's Noxious Bog    Tmut/Pois      19%        N/A       95%         6
 Death Channel            Necr           6%         N/A       100%        6


Dungeon Overview and Level Annotations

Branches:
Dungeon (6/15)
 Temple: D:4-7

Altars:
Kikubaaqudgha
Vehumet
Zin

Shops:
D:3 [   D:4 *

Annotations:
D:4 2 runed translucent doors, t4s4d4r's ghost, amateur OpTm
D:6 exclusion: statue, Grinder


Innate Abilities, Weirdness & Mutations

You cannot be hasted, slowed, berserked, paralysed or teleported.
You can dig through walls and to a lower floor.
You have a pair of large antennae on your head. (SInv)
Your four strong arms can wield two-handed weapons with a shield.


Message History

Press: ? - help, Shift-Dir - straight line, f/p - yak
Aim: a yak (almost dead, 91% to hit)
You feel a surge of power!
The blast of sand hits the yak!
You kill the yak!
Your Earth Magic skill increases to level 11!
Casting: Sandblast (safe; 1% risk of failure)
Confirm with . or Enter, or press ? or * to list all spells.
Aiming: Sandblast (safe; 1% risk of failure)
Press: ? - help, Shift-Dir - straight line, f - yak
Aim: a yak (91% to hit)
You feel a surge of power!
The blast of sand hits the yak!!
The yak is heavily wounded.
The yak gores you.
* * * LOW HITPOINT WARNING * * *
The yak barely misses you.
Casting: Sandblast (safe; 1% risk of failure)
Confirm with . or Enter, or press ? or * to list all spells.
Aiming: Sandblast (safe; 1% risk of failure)
Press: ? - help, Shift-Dir - straight line, f/p - yak
Aim: a yak (heavily wounded, 91% to hit)
You feel a surge of power!
The blast of sand hits the yak!
You kill the yak!
Casting: Sandblast (safe; 1% risk of failure)
Confirm with . or Enter, or press ? or * to list all spells.
Aiming: Sandblast (safe; 1% risk of failure)
Press: ? - help, Shift-Dir - straight line, f - yak
Aim: a yak (91% to hit)
You feel a surge of power!
The blast of sand hits the yak!!
The yak is heavily wounded.
The yak snorts and paws the ground.
The yak barely misses you. x2
Casting: Sandblast (safe; 1% risk of failure)
Confirm with . or Enter, or press ? or * to list all spells.
Aiming: Sandblast (safe; 1% risk of failure)
Press: ? - help, Shift-Dir - straight line, f/p - yak
Aim: a yak (heavily wounded, 91% to hit)
You feel a surge of power!
The blast of sand hits the yak.
The yak is severely wounded.
The yak gores you!
You die...

{
##................
##...#.#####.###...
##....#.# #.# #.
##.....#.# #.#
#....#.#.# #.#
##...##.#.# #.#
#...###.#.# #.#
#..##...#.# #.#
#####@### #Y# #.#
#.# #.>..# ###..#
..# .# !#


You could see a yak.

Vanquished Creatures
  2 hornets
  Sigmund (D:2)
  5 yaks (D:9)
  Edmund (D:6)
  A black bear (D:5)
  An ice beast (D:5)
  A centaur (D:6)
  A bullfrog (D:6)
  2 scorpions
  3 killer bees (D:6)
  Crazy Yiuf (D:5)
  4 hounds
  A jelly (D:5)
  2 iguanas
  Natasha (twice) (D:3)
  A sleepcap (D:4)
  7 adders
  2 shadow imps (D:6)
  A white imp (D:6)
  An ufetubus (D:4)
  3 worms
  4 dart slugs
  15 orcs
  10 ball pythons
  11 endoplasms
  4 giant cockroaches
  9 goblins
  3 hobgoblins
  7 jackals
  3 quokkas
  7 bats
  2 frilled lizards (D:1)
  8 kobolds
  3 rats
129 creatures vanquished.

Vanquished Creatures (others)
  3 plants (D:5)
3 creatures vanquished.

Grand Total: 132 creatures vanquished

Notes
Turn   | Place    | Note
-------+----------+-------------------------------------------
     0 | D:1      | dorian the Formicid Earth Elementalist began the quest for
                  | the Orb.
     0 | D:1      | Reached XP level 1. HP: 13/13 MP: 3/3
   214 | D:1      | Reached XP level 2. HP: 19/19 MP: 1/5
   263 | D:1      | Reached skill level 4 in Earth Magic
   577 | D:1      | Reached XP level 3. HP: 24/24 MP: 4/6
   679 | D:1      | Learned a level 2 spell: Passwall
  1326 | D:2      | Reached XP level 4. HP: 30/30 MP: 6/8
  1394 | D:2      | Noticed Sigmund
  1399 | D:2      | Killed Sigmund
  1400 | D:2      | Reached skill level 6 in Earth Magic
  1400 | D:2      | Reached XP level 5. HP: 21/35 MP: 7/10
  1400 | D:2      | Reached XP level 6. HP: 25/41 MP: 7/11
  1841 | D:3      | Found a faded altar of an unknown god.
  1935 | D:3      | Noticed Natasha
  1939 | D:3      | Killed Natasha
  2171 | D:3      | Noticed Natasha
  2180 | D:3      | Killed Natasha
  2350 | D:3      | Found Poulats's Armour Shop.
  2820 | D:4      | Reached XP level 7. HP: 46/46 MP: 10/12
  3124 | D:4      | Found a large runed translucent door.
  3124 | D:4      | Found a large runed translucent door.
  3125 | D:4      | Found the +7 Throatcutter {drain, coup de grace}
  3126 | D:4      | Noticed t4s4d4r's ghost (amateur OpTm)
  3133 | D:4      | Found Yliofiuni's General Store.
  3137 | D:4      | Reached skill level 7 in Earth Magic
  3142 | D:4      | Bought a potion of heal wounds for 65 gold pieces
  3315 | D:5      | Entered Level 5 of the Dungeon
  3500 | D:5      | Reached XP level 8. HP: 52/52 MP: 12/14
  3566 | D:5      | Found an ancient bone altar of Kikubaaqudgha.
  3585 | D:5      | Found a runed translucent door.
  3586 | D:5      | Noticed Crazy Yiuf
  3609 | D:5      | Reached skill level 8 in Earth Magic
  3903 | D:5      | Noticed a hornet
  3912 | D:5      | Killed a hornet
  3913 | D:5      | Reached skill level 5 in Spellcasting
  3913 | D:5      | Reached skill level 5 in Transmutations
  4005 | D:5      | Found a glowing silver altar of Zin.
  4386 | D:5      | Killed Crazy Yiuf
  4459 | D:6      | Reached skill level 9 in Earth Magic
  4669 | D:6      | Noticed Edmund
  4676 | D:6      | Killed Edmund
  4765 | D:6      | Reached XP level 9. HP: 54/57 MP: 17/17
  4776 | D:6      | Found a radiant altar of Vehumet.
  4808 | D:6      | Noticed Grinder
  4819 | D:6      | You fall into a shaft and drop 3 floors!
  4894 | D:9      | Noticed a hornet
  4906 | D:9      | Killed a hornet
  4907 | D:9      | Reached skill level 10 in Earth Magic
  4960 | D:9      | Reached skill level 11 in Earth Magic
  4963 | D:9      | Slain by a yak

Illustrated notes

Levels and vault maps discovered:
D:1:      dpeg_arrival_tiny_a, layout_loops_ring, nicolae_figureground_sparkle
D:2:      layout_rooms, minmay_surrounded, uniq_sigmund
D:3:      layout_loops_ring, serial_shops, nicolae_shop_tiny_glass,
          shapermc_ecumenical_altar_venn, chequers_serial_rivers_micro_e,
          uniq_natasha
D:4:      layout_rooms, ebering_ghost_disaster_area, serial_shops, shop,
          kennysheep_generic_room_15
D:5:      layout_basic, mainiacjoe_overflow_alcove_1, zin_treasury,
          grunt_decor_mini_mirrors, st_stairs_12, corexii_checkpoint_b,
          guppyfry_early_lair_pool, uniq_crazy_yiuf_cottage
D:6:      layout_basic, marbit_many_paths, vehumet_statue,
          minmay_misc_feat_doors, grunt_decor_junction, minmay_splitting_lines,
          uniq_edmund, uniq_grinder
D:9:      layout_loops_ring, mainiacjoe_overflow_concentric_impassable,
          lair_entry_dummy, nrook_mini_backslash, serial_bayou_crossing

Skill      XL: |  1  2  3  4  5  6  7  8  9 |
---------------+----------------------------+-----
Earth Magic    | 4 6 7 9 11 | 11.2
Transmutations | 2 3 4 5 6 |  6.8
Spellcasting   | 3 4 5 6 |  6.6
Dodging        | |  1.7
Stealth        | |  2.4

Action                     |  1- 3 |  4- 6 |  7- 9 || total
---------------------------+-------+-------+-------++-------
  Melee: Dagger            |       |     1 |       ||     1
         Short sword       |       |       |    10 ||    10
   Cast: Sandblast         |    47 |    61 |    88 ||   196
         Passwall          |       |       |     2 ||     2
Ability: Shaft Self        |       |       |     1 ||     1
  Evoke: Wand              |       |       |     7 ||     7
    Use: Scroll            |     6 |     7 |     5 ||    18
         Potion            |       |       |     3 ||     3
 Armour: Robe              |     4 |     5 |    12 ||    21
  Dodge: Dodged            |     4 |    15 |    40 ||    59
